 Dungeon Crawl Stone Soup version 0.28.0-43-g3370ac3207 (webtiles) character file.

Game seed: 16473049561894307340

317 RascalDebosk the Covered (level 6, 0/84 HPs)
             Began as a Minotaur Fighter on Mar 7, 2022.
             Succumbed to Sigmund's poison
             ... on level 3 of the Dungeon.
             The game lasted 00:26:47 (2835 turns).

RascalDebosk the Covered (Minotaur Fighter)         Turns: 2835, Time: 00:26:48

Health: 0/84       AC: 23    Str: 22    XL:     6   Next: 20%
Magic:  5/5        EV:  2    Int:  5    God:
Gold:   167        SH:  5    Dex: 10    Spells: 5/5 levels left

rFire   . . .      SeeInvis .   a - +0 trident
rCold   . . .      Faith    .   c - +0 buckler
rNeg    . . .      Spirit   .   (armour currently unavailable)
rPois   +          Reflect  .   (helmet currently unavailable)
rElec   .          Harm     .   (cloak currently unavailable)
rCorr   .          Rampage  .   (gloves currently unavailable)
Will    .....      NoTele   +   (boots currently unavailable)
Stlth   +.........              (no amulet)
HPRegen 0.24/turn               (no ring)
MPRegen 0.09/turn               (no ring)

@: lethally poisoned (0 -> -1), tree-form, hasted, very quick
A: stationary, stasis, torment immunity, boosted hp, (horns 2), (retaliatory
headbutt)
a: no special abilities


You were on level 3 of the Dungeon.
You were a tree.
You visited 1 branch of the dungeon, and saw 3 of its levels.
You also visited: Sewer.

You collected 167 gold pieces.

Inventory:

Hand Weapons
 a - a +0 trident (weapon)
 k - a +1 whip of electrocution
Missiles
 h - 19 stones (quivered)
 i - 4 curare-tipped darts
Armour
 b - a +0 scale mail
 c - a +0 buckler (worn)
 d - a +1 chain mail of fire resistance (melded)
Scrolls
 f - a scroll of identify {unknown}
 j - a scroll of brand weapon {unknown}
 m - a scroll of blinking {unknown}
Potions
 e - a potion of haste
 g - a potion of lignification


   Skills:
 + Level 5.2 Fighting
 + Level 4.4 Polearms
 + Level 5.3 Armour
 + Level 5.2 Shields


You had 5 spell levels left.
You didn't know any spells.
Your spell library was empty.

Dungeon Overview and Level Annotations

Branches:
Dungeon (3/15)              Sewer (visited)

Altars:
The Shining One


Innate Abilities, Weirdness & Mutations

You are a tree.
Your roots penetrate the ground, keeping you stationary.
You cannot be teleported.
You are immune to unholy pain and torment.
Your maximum health is greatly increased.
Your equipment is partially melded.
((You have a pair of horns on your head.))
((You reflexively headbutt those who attack you in melee.))


Message History

Press: ? - help, Dir - move target, f/p - Sigmund
Aim: Sigmund, wielding a +1 scythe of venom and wearing a +0 robe (about 45% to evade your +0 trident)
You reach to attack!
You barely miss Sigmund.
Unknown command.
Reach: a) +0 trident
Press: ? - help, Dir - move target, f/p - Sigmund
Aim: Sigmund, wielding a +1 scythe of venom and wearing a +0 robe (steam, about 45% to evade your +0 trident)
You reach to attack!
You barely miss Sigmund.
Sigmund is engulfed in a cloud of scalding steam.
Sigmund hits you but does no damage.
You are lethally poisoned!
The worm is engulfed in a cloud of scalding steam.
The worm splashes around in the water.
You are too injured to fight recklessly!
Reach: a) +0 trident
Press: ? - help, Dir - move target, f/p - Sigmund
Aim: Sigmund, wielding a +1 scythe of venom and wearing a +0 robe (steam, heavily wounded, about 45% to evade your +0 trident)
You reach to attack!
You puncture Sigmund!
Sigmund is severely wounded.
* * * LOW HITPOINT WARNING * * *
You feel sick.
Sigmund is engulfed in a cloud of scalding steam.
Sigmund dies!
It was a potion of lignification.
You turn into a tree.
Your +1 chain mail of fire resistance melds into your body.
You feel less resistant to fire.
Your roots penetrate the ground.
You are engulfed in a cloud of scalding steam.
* * * LOW HITPOINT WARNING * * *
You feel sick.
The worm is engulfed in a cloud of scalding steam.
The worm bites you but does no damage.
It was a potion of flight.
Your roots keep you in place.
* * * LOW HITPOINT WARNING * * *
You feel sick. The worm bites you but does no damage.
* * * LOW HITPOINT WARNING * * *
You feel sick.
You barely miss the worm.
The worm is heavily wounded.
You die...

##.# ##.#..$.##
#<#####.......###
#....##..........
####...........#
#...........##
####............#
#.......)≈≈≈....##
#.......≈≈w≈≈....#
#......:≈≈♣≈≈.....
#.......≈≈≈≈≈..##.
#####....≈≈≈..$#
#..........#
#............
#...###.......
#... ....... ....
.......


You could see a worm.

Vanquished Creatures
  2 bullfrogs (Sewer)
  2 adders
  2 river rats (D:3)
  A dart slug (D:1)
  22 ball pythons
  13 endoplasms
  8 giant cockroaches
  5 goblins
  6 hobgoblins
  6 kobolds
  7 quokkas
  3 bats
  15 frilled lizards
  6 rats
98 creatures vanquished.

Vanquished Creatures (others)
  Sigmund (D:3)
1 creature vanquished.

Grand Total: 99 creatures vanquished

Notes
Turn   | Place    | Note
-------+----------+-------------------------------------------
     0 | D:1      | RascalDebosk the Minotaur Fighter began the quest for the
                  | Orb.
     0 | D:1      | Reached XP level 1. HP: 19/19 MP: 0/0
    54 | D:1      | Found a faded altar of an unknown god.
   322 | D:1      | Reached XP level 2. HP: 16/27 MP: 1/1
   766 | D:1      | Reached XP level 3. HP: 32/33 MP: 2/2
  1036 | D:2      | Found a glowing golden altar of the Shining One.
  1986 | D:3      | Noticed Sigmund
  2021 | D:3      | Found a glowing drain.
  2032 | Sewer    | Entered a sewer
  2101 | Sewer    | Reached XP level 4. HP: 28/40 MP: 3/3
  2625 | Sewer    | Noticed a bullfrog
  2625 | Sewer    | Noticed a bullfrog
  2634 | Sewer    | Killed a bullfrog
  2635 | Sewer    | Reached XP level 5. HP: 23/47 MP: 4/4
  2637 | Sewer    | Reached skill level 5 in Fighting
  2637 | Sewer    | Reached skill level 5 in Armour
  2637 | Sewer    | Reached skill level 5 in Shields
  2823 | D:3      | Reached XP level 6. HP: 14/56 MP: 5/5
  2830 | D:3      | HP: 2/56 [poisoned by Sigmund]
  2830 | D:3      | Killed Sigmund
  2835 | D:3      | Succumbed to Sigmund's poison

Illustrated notes

Levels and vault maps discovered:
D:1:      lightli_arrival_flooded_house, layout_basic, basic_ecumenical_altar
D:2:      layout_basic, basic_altar
D:3:      layout_rooms, mainiacjoe_overflow_alcove_3, portal_sewer_entry_a,
          uniq_sigmund

Skill      XL: |  1  2  3  4  5 |
---------------+----------------+-----
Armour         | 4 5 |  5.3
Fighting       | 4 5 |  5.2
Shields        | 4 5 |  5.2
Polearms       | 3 4 |  4.4

Action                   |  1- 3 |  4- 6 || total
-------------------------+-------+-------++-------
Melee: Trident           |    95 |   132 ||   227
       Headbutt          |    11 |    12 ||    23
Throw: Stone             |     6 |       ||     6
  Use: Potion            |       |     4 ||     4
Armor: Scale mail        |    28 |    70 ||    98
       Chain mail        |       |    17 ||    17
       Skin              |       |     3 ||     3
Dodge: Dodged            |    25 |    72 ||    97
Block: Buckler           |    16 |    35 ||    51
